 Dungeon Crawl Stone Soup version 0.24-a0-307-gf989941 (webtiles) character file.

Game seed: 12225769669289837234

24919 mhoghedin the Grappler (level 12, -11/126 HPs)
             Began as a Demigod Transmuter on May 13, 2019.
             Mangled by an eight-headed hydra (12 damage)
             ... on level 3 of the Lair of Beasts.
             The game lasted 00:42:50 (17365 turns).

mhoghedin the Grappler (Demigod Transmuter)        Turns: 17365, Time: 00:42:50

Health: -11/126    AC:  7    Str: 21    XL:     12   Next: 49%
Magic:  13/21      EV: 16    Int: 17    God:
Gold:   359        SH:  0    Dex: 16    Spells: 3/18 levels left

rFire    x . .     SeeInvis .     - Unarmed
rCold    + + +     Gourm    .   (shield currently unavailable)
rNeg     + . .     Faith    .   (armour currently unavailable)
rPois    +         Spirit   .   (helmet currently unavailable)
rElec    .         Reflect  .   (cloak currently unavailable)
rCorr    .         Harm     .   (gloves currently unavailable)
MR       +....                  (boots currently unavailable)
Stlth    +.........             q - amulet of the acrobat
HPRegen  0.31/turn              g - ring of positive energy {rN+}
MPRegen  0.17/turn              i - ring of protection from cold {rC+, !d}

@: ice-form, very slightly contaminated
A: large, high mp 1, wild magic 1
a: End Transformation


You were on level 3 of the Lair of Beasts.
You were very hungry.
You were a creature of crystalline ice.
You visited 2 branches of the dungeon, and saw 11 of its levels.
You also visited: Gauntlet.

You collected 611 gold pieces.
You spent 252 gold pieces at shops.

Inventory:

Hand Weapons
 c - the +3 war axe of the Sugar Beet {chop, *Corrode rF+ MR+, unknown}
   (You found it on level 2 of the Lair of Beasts)

   It inflicts extra damage upon your enemies.
   It protects you from fire.
   It affects your resistance to hostile enchantments.
   It may corrode you when you take damage.
Missiles
 a - 110 arrows
Armour
 k - the +1 ring mail of Chimes (melded) {rF+ MR+ Slay+3}
   (You found it in a Gauntlet)

   It affects your accuracy and damage with ranged weapons and melee attacks
   (+3).
   It protects you from fire.
   It affects your resistance to hostile enchantments.
 n - a +1 pair of boots (melded)
   (You found it on level 3 of the Dungeon)
 z - a +0 pair of gloves (melded)
   (You found it on level 1 of the Lair of Beasts)
 C - a +2 hat of magic resistance (melded)
   (You found it on level 1 of the Lair of Beasts)
 E - a +0 hat of intelligence
   (You took it off Gastronok on level 3 of the Lair of Beasts)
Jewellery
 f - a +4 ring of strength {unknown}
   (You found it on level 2 of the Lair of Beasts)
 g - a ring of positive energy (left front paw) {rN+}
   (You found it on level 1 of the Dungeon)
 i - a ring of protection from cold (right front paw) {rC+, !d}
   (You took it off a centaur on level 6 of the Dungeon)
 q - an amulet of the acrobat (around neck)
   (You found it on level 8 of the Dungeon)
 r - an uncursed amulet of magic regeneration
   (You found it on level 6 of the Dungeon)
 F - an uncursed ring of stealth {Stlth+}
   (You found it in a Gauntlet)
 H - an uncursed ring of flight {unknown}
   (You found it on level 3 of the Lair of Beasts)
Wands
 t - a wand of random effects (31)
   (You found it on level 7 of the Dungeon)
 v - a wand of paralysis (23)
   (You found it on level 6 of the Dungeon)
 x - a wand of flame (25)
   (You found it on level 2 of the Lair of Beasts)
 y - a wand of acid (4)
   (You found it on level 7 of the Dungeon)
Scrolls
 h - 2 scrolls of holy word {unknown}
 j - 2 scrolls of identify
 l - 9 scrolls of remove curse
 o - a scroll of fog
 p - 5 scrolls of enchant armour
 u - 3 scrolls of teleportation
 A - a scroll of silence
 G - a scroll of immolation {!r}
Potions
 e - 3 potions of flight
 m - 6 potions of curing
 s - 2 potions of mutation {!q}
 w - a potion of magic
 B - a potion of resistance
Miscellaneous
 b - a lamp of fire
   (You found it on level 1 of the Lair of Beasts)
 D - a box of beasts
Comestibles
 d - 9 rations


   Skills:
 + Level 9.4 Fighting
 - Level 4.9 Armour
 + Level 9.5 Dodging
 + Level 9.7 Unarmed Combat
 - Level 3.9 Spellcasting
 - Level 9.5 Transmutations
 - Level 4.4 Ice Magic
 - Level 1.4 Poison Magic


You had 3 spell levels left.
You knew the following spells:

 Your Spells              Type           Power        Failure   Level  Hunger
a - Beastly Appendage     Tmut           #####.       1%          1    None
b - Ice Form              Ice/Tmut       #####...     13%         4    ####...
c - Spider Form           Tmut/Pois      ####......   8%          3    ###....
s - Sticks to Snakes      Tmut           #####...     1%          2    ##.....
x - Blade Hands           Tmut           #####.....   13%         5    ######.

Your spell library contained the following spells:

 Spells                   Type           Power        Failure   Level  Hunger
 Ensorcelled Hibernation  Hex/Ice        ##....       14%         2    ##.....
 Animate Skeleton         Necr           N/A          22%         1    None
 Apportation              Tloc           #.....       22%         1    None
 Confusing Touch          Hex            #.....       22%         1    None
 Corona                   Hex            #......      22%         1    None
 Magic Dart               Conj           #...         22%         1    None
 Summon Small Mammal      Summ           #...         22%         1    None
 Call Imp                 Summ           #.......     32%         2    ##.....
 Searing Ray              Conj           #.....       32%         2    ##.....
 Call Canine Familiar     Summ           #.......     52%         3    ###....
 Confuse                  Hex            #.......     52%         3    ###....
 Dazzling Spray           Conj/Hex       #.....       52%         3    ###....
 Static Discharge         Conj/Air       #.......     52%         3    ###....
 Summon Guardian Golem    Hex/Summ       #.......     52%         3    ###....
 Tukima's Dance           Hex            #.......     52%         3    ###....
 Summon Ice Beast         Ice/Summ       ##......     63%         4    ####...
 Force Lance              Conj/Tloc      #.......     89%         4    ####...
 Fulminant Prism          Conj/Hex       #.........   89%         4    ####...
 Iskenderun's Mystic Bla  Conj           #.......     89%         4    ####...
 Summon Lightning Spire   Summ/Air       #.......     89%         4    ####...
 Deflect Missiles         Chrm/Air       #.........   100%        6    #######
 Freezing Cloud           Conj/Ice/Air   ##........   100%        6    #######
 Dragon's Call            Summ           #.........   100%        9    #######


Dungeon Overview and Level Annotations

Branches:
Dungeon (8/15)             Temple (0/1) D:6            Lair (3/6) D:8
  Swamp (0/4) Lair:2       Spider (0/4) Lair:3

Shops:
D:4 (   D:6 (([!   D:7 [

Annotations:
Lair:3 exclusion: oklob plant


Innate Abilities, Weirdness & Mutations

You have an increased reservoir of magic. (+10% MP)
((Armour fits poorly on your strangely shaped body.))
Your spells are a little harder to cast, but a little more powerful.


Message History

Unknown command.
MP restored: 21 The spiny frog closely misses you.
You hit the spiny frog. The spiny frog completely misses you.
You barely miss the spiny frog. The spiny frog stings you!
You are poisoned.
The spiny frog poisons you!
You take 11 damage, and have 91/105 hp.
You closely miss the spiny frog.
You feel sick. The spiny frog stings you!!
You take 20 damage, and have 71/105 hp.
You hit the spiny frog but do no damage.
Your slash misses the spiny frog.
You feel sick. The spiny frog closely misses you.
You take 1 damage, and have 70/105 hp.
You slice the spiny frog!!
You feel sick. The spiny frog stings you!!
You take 20 damage, and have 50/105 hp.
You are too injured to fight recklessly!
You are too injured to fight recklessly!
You slash the spiny frog!
You kill the spiny frog!
You feel sick.
You take 2 damage, and have 48/105 hp.
Your transformation is almost over.
You feel sick.
You see here a spiny frog corpse.
You start resting.
You feel sick. x7
Your hands revert to their normal proportions.
Your +0 pair of gloves unmelds from your body.
You feel sick.
You take 7 damage, and have 41/105 hp.
You start resting.
You feel sick. x10
You are no longer poisoned.
You take 3 damage, and have 38/105 hp.
You start resting.
You are feeling hungry.
You regained 30 hp, and now have 68/105 hp.
Unknown command.
Okay, then.
Unknown command.
Okay, then.
Unknown command.
Unknown command.
Unknown command.
j - 2 scrolls of identify (gained 1)
H - a marble ring You regained 13 hp, and now have 81/105 hp.
The eight-headed hydra is too close now for your liking.
Health restored: 105
Okay, then.
Unknown command.
Aim: an eight-headed hydra The bolt of acid hits the eight-headed hydra!!
The eight-headed hydra is splashed with acid.
The acid corrodes the eight-headed hydra!
You miscast Ice Form.
You are very lightly contaminated with residual magic.
Waves of light ripple over your body.
You are feeling very hungry.
You now have 17/21 mp.
You hit the eight-headed hydra. The eight-headed hydra bites you!
The eight-headed hydra closely misses you.
The eight-headed hydra bites you!
The eight-headed hydra bites you but does no damage. x2
The eight-headed hydra barely misses you.
The eight-headed hydra bites you! The eight-headed hydra bites you.
You take 31 damage, and have 74/105 hp.
MASSIVE DAMAGE!!
Unknown command.
You turn into a creature of crystalline ice.
Your +2 hat of magic resistance melds into your body.
Your +0 pair of gloves melds into your body.
Your +1 pair of boots melds into your body.
The +1 ring mail of Chimes {rF+ MR+ Slay+3} melds into your body.
You feel less resistant to hostile enchantments.
The eight-headed hydra bites you! The eight-headed hydra misses you.
The eight-headed hydra bites you! The eight-headed hydra bites you.
The eight-headed hydra bites you! The eight-headed hydra misses you.
The eight-headed hydra closely misses you. x2
You now have 63/126 hp.
You punch the eight-headed hydra! You freeze the eight-headed hydra!
The eight-headed hydra bites you!
The eight-headed hydra completely misses you.
The eight-headed hydra bites you!
The eight-headed hydra barely misses you.
The eight-headed hydra bites you. The eight-headed hydra bites you!
* * * LOW HITPOINT WARNING * * *
The eight-headed hydra bites you but does no damage.
The eight-headed hydra bites you!
* * * LOW HITPOINT WARNING * * *
You take 43 damage, and have 20/126 hp.
MASSIVE DAMAGE!!
You hit the eight-headed hydra. You freeze the eight-headed hydra.
The eight-headed hydra bites you but does no damage.
The eight-headed hydra bites you.
* * * LOW HITPOINT WARNING * * *
The eight-headed hydra bites you but does no damage. x3
The eight-headed hydra bites you!
* * * LOW HITPOINT WARNING * * *
The eight-headed hydra bites you!
You die...

♣................................
♣♣...............................
♣♣♣.............................
♣♣............#.##..###..##.'#. ♣
♣.^.♣..##....#####.#..#..P##.##
♣..P♣♣♣#####....#.......#..###.#.
.♣♣♣ ♣♣.####....#.......#...##.[.
♣♣ ♣...##....##.......##.###...
♣...+.....DY.......##.###...
+....#.....#.#.#..#.#..###..
#...##....#....##.....#####.
♣##.##P......b.b......###.#'
#...##....P................
♣♣♣....#.....................
♣............................
♣♣...........................
♣♣'#####....................


You could see an eight-headed hydra.

Vanquished Creatures
  Gastronok (Lair:3)
  A dire elephant (Gauntlet)
  A hydra (Lair:3)
  3 death yaks (Lair:2)
  The ghost of Buarolus the Thaumaturge, a journeyman DEFE of Vehumet (Lair:2)
  Nergalle (Lair:3)
  An elephant (Gauntlet)
  7 spiny frogs
  2 komodo dragons
  An anaconda simulacrum (Lair:1)
  An ice devil (Gauntlet)
  A hornet (D:8)
  2 polar bears
  A wolf spider simulacrum (Lair:1)
  4 blink frogs (Lair:3)
  2 bog bodies (Lair:2)
  5 hippogriffs
  4 flying skulls (Gauntlet)
  29 yaks
  Eustachio (D:6)
  2 wyverns
  2 hydra simulacra (Lair:1)
  7 water moccasins
  11 porcupines
  2 sky beasts
  2 ice beasts
  3 orc warriors
  3 phantoms
  3 black bears
  7 ogres
  9 wolves
  6 crocodiles
  2 centaurs (D:6)
  6 bullfrogs
  A spiny frog simulacrum (Lair:1)
  A wyvern zombie (D:8)
  3 scorpions
  7 killer bees
  4 wights (D:6)
  3 electric eels (D:7)
  2 crimson imps
  A hippogriff simulacrum (Lair:1)
  A jelly (D:5)
  A komodo dragon simulacrum (Lair:1)
  A centaur zombie (D:5)
  4 hounds
  5 orc priests
  A bullfrog skeleton (D:8)
  6 orc wizards
  5 worker ants
  A hound skeleton (D:7)
  A hound zombie (D:6)
  Robin (D:4)
  12 adders
  2 shadow imps (D:6)
  4 white imps (Gauntlet)
  4 oozes
  3 adder skeletons
  An adder zombie (D:7)
  3 worms
  2 dart slugs
  2 leopard geckos
  25 orcs
  3 giant cockroaches
  11 goblins
  11 hobgoblins
  3 jackals (D:3)
  8 kobolds
  A quokka (D:5)
  4 ball pythons
  2 bats
  5 frilled lizards
  6 rats
295 creatures vanquished.

Vanquished Creatures (collateral kills)
  2 ogres (D:4)
  An electric eel (D:7)
  2 adders
  A goblin (D:4)
6 creatures vanquished.

Vanquished Creatures (others)
  3 demonic plants (Gauntlet)
  6 fungi
  9 plants
18 creatures vanquished.

Grand Total: 319 creatures vanquished

Notes
Turn   | Place    | Note
-------+----------+-------------------------------------------
     0 | D:1      | mhoghedin the Demigod Transmuter began the quest for the
                  | Orb.
     0 | D:1      | Reached XP level 1. HP: 15/15 MP: 5/5
    66 | D:1      | Reached skill level 2 in Transmutations
   576 | D:1      | Reached XP level 2. HP: 21/22 MP: 5/7
   984 | D:1      | Reached skill level 3 in Transmutations
  1134 | D:1      | Learned a level 2 spell: Sticks to Snakes
  1358 | D:2      | Reached XP level 3. HP: 23/27 MP: 1/8
  1660 | D:2      | Found a blossoming altar of Fedhas.
  1669 | D:2      | Reached skill level 4 in Transmutations
  1669 | D:2      | Reached XP level 4. HP: 25/34 MP: 7/9
  2260 | D:3      | Learned a level 3 spell: Spider Form
  2538 | D:3      | Reached skill level 1 in Poison Magic
  2543 | D:3      | Reached XP level 5. HP: 14/39 MP: 4/10
  3098 | D:3      | Reached skill level 5 in Transmutations
  3175 | D:4      | Reached skill level 1 in Fighting
  3180 | D:4      | Reached skill level 2 in Dodging
  3336 | D:4      | Found a basalt altar of Yredelemnul.
  3350 | D:4      | Noticed Robin
  3370 | D:4      | Found a hide-covered altar of Uskayaw.
  3386 | D:4      | Killed Robin
  3386 | D:4      | Reached skill level 3 in Unarmed Combat
  3537 | D:4      | Found a glowing golden altar of the Shining One.
  3630 | D:4      | Noticed an ogre
  3631 | D:4      | Gained mutation: Armour fits poorly on your strangely
                  | shaped body. [potion of mutation]
  3631 | D:4      | Gained mutation: Your spells are a little harder to cast,
                  | but a little more powerful. [potion of mutation]
  3632 | D:4      | Noticed an ogre
  3638 | D:4      | Killed an ogre
  3638 | D:4      | Reached XP level 6. HP: 48/48 MP: 2/11
  3641 | D:4      | Reached skill level 2 in Fighting
  3703 | D:4      | Found Echo's Weapon Boutique.
  3952 | D:4      | Found a sacrificial altar of Ru.
  4069 | D:5      | Entered Level 5 of the Dungeon
  4144 | D:5      | Found a glowing silver altar of Zin.
  4642 | D:5      | Reached skill level 3 in Dodging
  5000 | D:5      | Reached skill level 3 in Fighting
  5000 | D:5      | Reached skill level 4 in Unarmed Combat
  5000 | D:5      | Reached XP level 7. HP: 24/57 MP: 12/12
  5188 | D:5      | Found a shadowy altar of Dithmenos.
  5319 | D:5      | Found a deep blue altar of Sif Muna.
  5687 | D:6      | Found Anujeur's Distillery.
  5690 | D:6      | Bought a potion of curing for 42 gold pieces
  5690 | D:6      | Bought a potion of might for 56 gold pieces
  5690 | D:6      | Bought a potion of curing for 42 gold pieces
  5690 | D:6      | Bought a potion of curing for 42 gold pieces
  5690 | D:6      | Bought a potion of heal wounds for 70 gold pieces
  5691 | D:6      | Noticed Eustachio
  5702 | D:6      | Killed Eustachio
  5702 | D:6      | Reached skill level 4 in Dodging
  5715 | D:6      | Found a staircase to the Ecumenical Temple.
  5757 | D:6      | Reached skill level 4 in Fighting
  5886 | D:6      | Reached skill level 5 in Unarmed Combat
  5889 | D:6      | Reached XP level 8. HP: 40/66 MP: 13/13
  5904 | D:6      | Reached skill level 5 in Dodging
  5959 | D:6      | HP: 10/67 [ogre/+0 giant spiked club (20)]
  5960 | D:6      | Reached skill level 5 in Fighting
  6309 | D:6      | Found a sparkling altar of Nemelex Xobeh.
  6310 | D:6      | Found an ornate altar of the Wu Jian Council.
  6510 | D:6      | Found a radiant altar of Vehumet.
  6530 | D:6      | Found Ocaci's Weapon Boutique.
  6550 | D:6      | Found Daghuoc's Antique Weapon Emporium.
  6558 | D:6      | Found Apeoclek's Armour Shop.
  6865 | D:7      | Reached skill level 6 in Unarmed Combat
  6904 | D:6      | HP: 17/68 [yak (5)]
  7248 | D:7      | Reached skill level 6 in Dodging
  7251 | D:7      | Reached XP level 9. HP: 55/75 MP: 14/14
  7450 | D:6      | Learned a level 4 spell: Ice Form
  7474 | D:7      | Reached skill level 2 in Spellcasting
  7787 | D:7      | Reached skill level 1 in Ice Magic
  7861 | D:7      | Found Bogobei's Antique Armour Shop.
  8542 | D:8      | Reached skill level 2 in Ice Magic
  8556 | D:8      | Reached skill level 3 in Spellcasting
  8802 | D:8      | Reached skill level 6 in Transmutations
  8802 | D:8      | Reached skill level 3 in Ice Magic
  9163 | D:8      | Found a staircase to the Lair.
  9301 | D:8      | Identified a scroll of acquirement
  9312 | D:8      | Learned a level 5 spell: Blade Hands
  9571 | D:8      | Reached skill level 4 in Ice Magic
  9593 | D:8      | Reached XP level 10. HP: 38/83 MP: 19/19
  9820 | D:8      | Reached skill level 7 in Transmutations
 10403 | Lair:1   | Entered Level 1 of the Lair of Beasts
 10403 | Lair:1   | Found a transporter.
 10432 | Lair:1   | Reached skill level 8 in Transmutations
 10749 | Lair:1   | Found a transporter.
 10823 | Lair:1   | Reached skill level 9 in Transmutations
 11260 | Lair:1   | Reached skill level 6 in Fighting
 11856 | Lair:1   | Reached skill level 7 in Unarmed Combat
 12232 | Lair:1   | Reached XP level 11. HP: 69/91 MP: 15/20
 12601 | Lair:1   | Reached skill level 7 in Dodging
 12676 | Lair:2   | Reached skill level 7 in Fighting
 12690 | Lair:2   | Found a gate leading to a gauntlet.
 12700 | Gauntlet | Entered a Gauntlet
 12700 | Gauntlet | Found a transporter.
 12710 | Gauntlet | Found a transporter.
 12726 | Gauntlet | Found a transporter.
 12728 | Gauntlet | Found a large runed translucent door.
 12729 | Gauntlet | Found a large runed translucent door.
 12730 | Gauntlet | Found a large runed translucent door.
 12730 | Gauntlet | Found a large runed translucent door.
 12730 | Gauntlet | Found a runed translucent door.
 12731 | Gauntlet | Found a transporter.
 12732 | Gauntlet | Found a runed translucent door.
 12733 | Gauntlet | Found a large runed translucent door.
 12733 | Gauntlet | Found a large runed translucent door.
 12734 | Gauntlet | Found a large runed translucent door.
 12735 | Gauntlet | Found a large runed translucent door.
 12739 | Gauntlet | Found a large runed translucent door.
 12739 | Gauntlet | Found a large runed translucent door.
 12740 | Gauntlet | Found a large runed translucent door.
 12740 | Gauntlet | Found a large runed translucent door.
 12741 | Gauntlet | Found a large runed translucent door.
 12741 | Gauntlet | Found a large runed translucent door.
 12741 | Gauntlet | Found a large runed translucent door.
 12741 | Gauntlet | Found a large runed translucent door.
 12744 | Gauntlet | Found a runed translucent gate.
 12744 | Gauntlet | Found a runed translucent gate.
 12744 | Gauntlet | Found a runed translucent gate.
 12745 | Gauntlet | Noticed a glowing orange brain
 12745 | Gauntlet | Noticed a glowing orange brain
 12746 | Gauntlet | Found a transporter.
 12765 | Gauntlet | Found a transporter.
 12767 | Gauntlet | Noticed a death drake
 12769 | Gauntlet | Noticed a deep troll
 12769 | Gauntlet | a moth of wrath changed into a deep troll
 12775 | Gauntlet | a deep troll changed into a merfolk
 12777 | Gauntlet | Found a transporter.
 12778 | Gauntlet | Noticed an anaconda
 12778 | Gauntlet | a merfolk changed into an anaconda
 12782 | Gauntlet | Found a transporter.
 12787 | Gauntlet | Noticed a two-headed ogre
 12787 | Gauntlet | an anaconda changed into a two-headed ogre
 12790 | Gauntlet | a two-headed ogre changed into a manticore
 12794 | Gauntlet | Noticed a death scarab
 12797 | Gauntlet | Found a transporter.
 12800 | Gauntlet | Noticed a death scarab
 12809 | Gauntlet | Found a transporter.
 12810 | Gauntlet | Noticed a dire elephant
 12821 | Gauntlet | Found a transporter.
 12838 | Gauntlet | Found a transporter.
 12855 | Gauntlet | Found a transporter.
 12857 | Gauntlet | Found a transporter.
 12883 | Gauntlet | Found a transporter.
 12885 | Gauntlet | Found a transporter.
 12907 | Gauntlet | Found a transporter.
 12966 | Gauntlet | Noticed a four-headed hydra
 12967 | Gauntlet | Noticed a storm dragon
 12967 | Gauntlet | a four-headed hydra changed into a storm dragon
 12974 | Gauntlet | a storm dragon changed into a tyrant leech
 12976 | Gauntlet | Noticed an entropy weaver
 12976 | Gauntlet | a tyrant leech changed into an entropy weaver
 12981 | Gauntlet | Noticed an emperor scorpion
 12981 | Gauntlet | an entropy weaver changed into an emperor scorpion
 12982 | Gauntlet | Noticed an entropy weaver
 12982 | Gauntlet | an emperor scorpion changed into an entropy weaver
 12984 | Gauntlet | Noticed an ettin
 12984 | Gauntlet | an entropy weaver changed into an ettin
 12986 | Gauntlet | Noticed a spark wasp
 12986 | Gauntlet | an ettin changed into a spark wasp
 12999 | Gauntlet | Found a transporter.
 13640 | Gauntlet | HP: 19/92 [dire elephant (9)]
 13642 | Gauntlet | Killed a dire elephant
 13642 | Gauntlet | Reached skill level 8 in Unarmed Combat
 13675 | Gauntlet | Got an ancient ring mail
 14073 | Gauntlet | Identified the +4 dire flail of Botiga {freeze, Int+3}
 14073 | Gauntlet | Identified the ring of Akhugiax {-Tele rF+ rN+ Slay+3
                  | Stlth+}
 14073 | Gauntlet | Noticed a minotaur
 14116 | Gauntlet | HP: 18/92 [minotaur/the +4 dire flail of Botiga {freeze,
                  | Int+3} (35)]
 14136 | Gauntlet | Identified Lepim's Collected Works on Cloudy Creation
 14515 | Lair:2   | Identified the +1 ring mail of Chimes {rF+ MR+ Slay+3} (You
                  | found it in a Gauntlet)
 14555 | Lair:2   | Found a staircase to the Swamp.
 14570 | Lair:2   | Reached skill level 8 in Dodging
 14723 | Lair:2   | Got an encrusted war axe
 14823 | Lair:2   | Reached skill level 8 in Fighting
 14823 | Lair:2   | Reached skill level 1 in Armour
 14968 | Lair:2   | Noticed a death yak
 14969 | Lair:2   | Noticed a death yak
 14977 | Lair:2   | Noticed a death yak
 14980 | Lair:2   | Killed a death yak
 14984 | Lair:2   | Killed a death yak
 14984 | Lair:2   | Reached skill level 2 in Armour
 14987 | Lair:2   | HP: 19/94 [death yak (25)]
 14989 | Lair:2   | Killed a death yak
 15316 | Lair:2   | Found a runed translucent door.
 15321 | Lair:2   | Noticed Buarolus's ghost (journeyman DEFE)
 15332 | Lair:2   | Killed Buarolus's ghost
 15743 | Lair:3   | Reached skill level 3 in Armour
 15747 | Lair:3   | Reached skill level 9 in Unarmed Combat
 15747 | Lair:3   | Reached XP level 12. HP: 98/103 MP: 16/21
 16041 | Lair:3   | Noticed Gastronok
 16062 | Lair:3   | Killed Gastronok
 16062 | Lair:3   | Reached skill level 9 in Dodging
 16065 | Lair:3   | Noticed Nergalle
 16073 | Lair:3   | Killed Nergalle
 16073 | Lair:3   | Reached skill level 9 in Fighting
 16073 | Lair:3   | Reached skill level 4 in Armour
 16185 | Lair:3   | Found a hole to the Spider Nest.
 16252 | Lair:3   | Noticed an eight-headed hydra
 16262 | Lair:3   | HP: 30/124 [eight-headed hydra (16)]
 16688 | Lair:3   | Noticed a five-headed hydra
 16707 | Lair:3   | Killed a five-headed hydra
 17364 | Lair:3   | HP: 28/126 [eight-headed hydra (12)]
 17365 | Lair:3   | HP: 1/126 [eight-headed hydra (14)]
 17365 | Lair:3   | Mangled by an eight-headed hydra

Levels and vault maps discovered:
D:1:      nzn_arrival_settlement, layout_basic, hangedman_decor_push,
          palyth_stone_intersect, minivault_4, hangedman_decor_clover_reticule
D:2:      layout_loops_cross, fedhas_altar_1
D:3:      layout_loops_ring, minmay_between
D:4:      layout_cave_pools, yredelemnul_altar_generic, kennysheep_little_box,
          nicolae_ru_sacrificial_ziggurat, lemuel_doored_altar, serial_shops,
          nicolae_shop_window_shopping, uniq_robin
D:5:      layout_basic, zin_scriptorium, grunt_dithmenos_shadows,
          lemuel_blue_sif_altar, first_ration
D:6:      layout_loops_cross, gammafunk_temple_overflow_statue,
          kennysheep_mini_moat, minmay_temple_entry_crystal_x, serial_shops,
          nicolae_shop_behind_doors, shop, nicolae_shop_trees,
          nicolae_shop_competitors_out_of_business, uniq_eustachio
D:7:      layout_rooms, serial_shops, shop, serial_bayou, serial_bayou_pond_a,
          serial_bayou_pond_e, serial_bayou_pond_b, serial_bayou_shore_a
D:8:      layout_basic, grunt_lair_entry_orc_guard_hut
Lair:1:   gammafunk_cloud_chamber, layout_cave_pods, minmay_holes, st_stairs_12,
          beast_lair_carwin_6
Lair:2:   layout_roguey, skrybe_swamp_entry_bodies, ebering_ghost_inner_flame,
          gauntlet_entry_generic
Lair:3:   layout_regular_city, spider_nest_entry_a, wad_woods_river_01,
          lemuel_fruit_fields, minmay_lair_oklob_chamber, lemuel_fruit_fields,
          uniq_gastronok, uniq_nergalle

Skill      XL: |  1  2  3  4  5  6  7  8  9 10 11 12 |
---------------+-------------------------------------+-----
Transmutations | 2 3 4 5 6 9 |  9.5
Poison Magic   | 1 |  1.4
Fighting       | 1 3 4 5 6 8 9 |  9.4
Dodging        | 2 3 4 6 8 9 |  9.5
Unarmed Combat | 3 4 5 6 7 9 |  9.7
Spellcasting   | 3 |  3.9
Ice Magic      | 4 |  4.4
Armour         | 3 4 |  4.9

Action                   |  1- 3 |  4- 6 |  7- 9 | 10-12 || total
-------------------------+-------+-------+-------+-------++-------
Melee: Club              |    11 |       |       |       ||    11
       Unarmed           |     6 |   160 |   343 |   438 ||   947
       Kick              |    10 |     2 |       |       ||    12
       Headbutt          |     6 |    22 |    11 |       ||    39
       Dagger            |    75 |    60 |       |       ||   135
       Punch             |     1 |     1 |     3 |    12 ||    17
 Cast: Beastly Appendage |    27 |    16 |    11 |       ||    54
       Sticks to Snakes  |     4 |    15 |     6 |     7 ||    32
       Spider Form       |       |    15 |    25 |    11 ||    51
       Blade Hands       |       |       |       |    26 ||    26
       Ice Form          |       |       |       |    11 ||    11
 Abil: End Transformatio |       |     1 |       |     2 ||     3
Evoke: Wand              |       |       |     2 |     8 ||    10
       Lamp of fire      |       |       |       |     1 ||     1
  Use: Potion            |       |     8 |     4 |     9 ||    21
       Scroll            |       |     7 |     3 |     5 ||    15
 Stab: Sleeping          |     2 |     2 |     1 |     1 ||     6
       Distracted        |       |     1 |       |       ||     1
       Confused          |       |       |     1 |       ||     1
       Paralysed         |       |       |     2 |       ||     2
       Invisible         |       |       |     1 |     1 ||     2
  Eat: Ration            |     1 |     2 |     5 |     6 ||    14
       Chunk             |       |     8 |     4 |    15 ||    27
Armor: Robe              |    13 |    12 |     6 |     4 ||    35
       Skin              |       |    17 |     6 |    18 ||    41
       Ring mail         |       |       |       |    22 ||    22
Dodge: Dodged            |    57 |   180 |   330 |   332 ||   899

Table legend:
 A = Non-vault XP
 B = Vault XP
 C = Vault XP percentage of total XP
 D = Non-vault monster count
 E = Vault monster count
 F = Vault count percentage of total count
                 A         B        C        D         E       F
            +---------+---------+-------+---------+---------+-------
      Total |   22456 |   13143 |  36.9 |     239 |      62 |  20.6
            +---------+---------+-------+---------+---------+-------
        D:1 |      30 |       0 |   0.0 |      18 |       0 |   0.0
        D:2 |     121 |       0 |   0.0 |      21 |       0 |   0.0
        D:3 |     132 |       6 |   4.3 |      18 |       3 |  14.3
        D:4 |     210 |      35 |  14.3 |       8 |      12 |  60.0
        D:5 |     487 |     125 |  20.4 |      19 |       1 |   5.0
        D:6 |    1073 |     399 |  27.1 |      31 |       2 |   6.1
        D:7 |    1141 |     280 |  19.7 |      24 |       2 |   7.7
        D:8 |    2655 |     829 |  23.8 |      28 |       6 |  17.6
     Lair:1 |    4587 |    2023 |  30.6 |      22 |      13 |  37.1
     Lair:2 |    6757 |    1669 |  19.8 |      26 |       4 |  13.3
     Lair:3 |    5263 |    4851 |  48.0 |      24 |       8 |  25.0
   Gauntlet |       0 |    2926 | 100.0 |       0 |      11 | 100.0
            +---------+---------+-------+---------+---------+-------

Levels and vault maps discovered:
D:1:      nzn_arrival_settlement, layout_basic, hangedman_decor_push,
          palyth_stone_intersect, minivault_4, hangedman_decor_clover_reticule
D:2:      layout_loops_cross, fedhas_altar_1
D:3:      layout_loops_ring, minmay_between
D:4:      layout_cave_pools, yredelemnul_altar_generic, kennysheep_little_box,
          nicolae_ru_sacrificial_ziggurat, lemuel_doored_altar, serial_shops,
          nicolae_shop_window_shopping, uniq_robin
D:5:      layout_basic, zin_scriptorium, grunt_dithmenos_shadows,
          lemuel_blue_sif_altar, first_ration
D:6:      layout_loops_cross, gammafunk_temple_overflow_statue,
          kennysheep_mini_moat, minmay_temple_entry_crystal_x, serial_shops,
          nicolae_shop_behind_doors, shop, nicolae_shop_trees,
          nicolae_shop_competitors_out_of_business, uniq_eustachio
D:7:      layout_rooms, serial_shops, shop, serial_bayou, serial_bayou_pond_a,
          serial_bayou_pond_e, serial_bayou_pond_b, serial_bayou_shore_a
D:8:      layout_basic, grunt_lair_entry_orc_guard_hut
Lair:1:   gammafunk_cloud_chamber, layout_cave_pods, minmay_holes, st_stairs_12,
          beast_lair_carwin_6
Lair:2:   layout_roguey, skrybe_swamp_entry_bodies, ebering_ghost_inner_flame,
          gauntlet_entry_generic
Lair:3:   layout_regular_city, spider_nest_entry_a, wad_woods_river_01,
          lemuel_fruit_fields, minmay_lair_oklob_chamber, lemuel_fruit_fields,
          uniq_gastronok, uniq_nergalle

Table legend:
 A = Turns spent in this place as a percentage of turns spent in the entire game.
 B = Non-inter-level travel turns spent in this place as a percentage of non-inter-level travel turns spent in the entire game.
 C = Inter-level travel turns spent in this place as a percentage of turns spent in this place.
 D = Turns resting spent in this place as a percentage of non-inter-level travel turns spent in this place.
 E = Turns spent auto-exploring this place as a percentage of non-inter-level travel turns spent in this place.
 F = Non-inter-level travel turns spent in this place divided by the number of levels of this place that you've seen.
                   A       B       C       D       E      F
               +-------+-------+-------+-------+-------+----------------------
         Total | 100.0 | 100.0 |   2.6 |  45.8 |  35.3 | 1409.5
       Dungeon |  59.9 |  59.5 |   3.2 |  42.4 |  39.1 | 1258.6
          Lair |  31.8 |  32.0 |   2.1 |  50.5 |  31.7 | 1801.7
      Gauntlet |   8.3 |   8.5 |   0.0 |  52.1 |  22.4 | 1440.0
               +-------+-------+-------+-------+-------+----------------------

Table legend:
 A = Kills in this place as a percentage of kills in entire the game.
 B = Kills by you in this place as a percentage of kills by you in the entire game.
 C = Kills by friends in this place as a percentage of kills by friends in the entire game.
 D = Other kills in this place as a percentage of other kills in the entire game.
 E = Experience gained in this place as a percentage of experience gained in the entire game.
 F = Experience gained in this place divided by the number of levels of this place that you have seen.
                   A       B       C       D       E      F
               +-------+-------+-------+-------+-------+----------------------
         Total | 100.0 | 100.0 | 100.0 |   N/A | 100.0 | 2966.6
       Dungeon |  64.1 |  63.4 | 100.0 |   N/A |  21.1 | 940.4
          Lair |  32.2 |  32.9 |   0.0 |   N/A |  70.6 | 8383.3
      Gauntlet |   3.7 |   3.7 |   0.0 |   N/A |   8.2 | 2926.0
               +-------+-------+-------+-------+-------+----------------------
